 Dungeon Crawl Stone Soup version 0.31.0-2-g5a2aebc5c2 (webtiles) character file.

Game seed: 7109971527459650199

9834 case the Severer (level 11, -8/101 HPs)
             Began as a Minotaur Berserker on Jan 21, 2024.
             Was a High Priest of Trog.
             Mangled by an angel
             ... wielding a +3 whip of holy wrath
              (23 damage)
             ... on level 1 of the Abyss.
             The game lasted 00:12:06 (7591 turns).

case the Severer (Minotaur Berserker)               Turns: 7591, Time: 00:12:07

Health: -8/101     AC: 10    Str: 25    XL:     11   Next: 28%
Magic:  10/10      EV: 12    Int:  4    God:    Trog [*****.]
Gold:   274        SH:  0    Dex: 19    Spells: 10/10 levels left

rFire   + . .        B - +0 war axe (vamp)
rCold   + . .        (no shield)
rNeg    . . .        o - +0 ring mail "Warchayma" {-Tele rElec rPois Dex+8}
rPois   +            (helmet restricted)
rElec   +            v - scarf {rC+ rF+}
rCorr   .            y - +0 pair of gloves
SInv    .            n - +2 pair of boots
Will    .....        (no amulet)
Stlth   +            (no ring)
HPRegen 0.36/turn    (no ring)
MPRegen 0.12/turn

%: no teleportation
@: on berserk cooldown, slowed, glowing, very slow
A: horns 2, retaliatory headbutt
a: Renounce Religion, Berserk, Trog's Hand, Brothers in Arms


You were on level 1 of the Abyss.
You worshipped Trog.
Trog was extremely pleased with you.
You visited 1 branch of the dungeon, and saw 9 of its levels.
You visited the Abyss 1 time.

You collected 527 gold pieces.
You spent 253 gold pieces at shops.

Inventory:

Hand Weapons
 f - a +1 whip of freezing
 B - a +0 vampiric war axe (weapon)
Armour
 n - a +2 pair of boots (worn)
 o - the +0 ring mail "Warchayma" (worn) {-Tele rElec rPois Dex+8}
   (You found it on level 2 of the Dungeon)

   Dex+8:     It affects your dexterity (+8).
   rElec:     It insulates you from electricity.
   rPois:     It protects you from poison -Tele: It prevents most forms of
   teleportation.
 v - a scarf of resistance (worn)
 y - a +0 pair of gloves (worn)
Jewellery
 G - a +6 ring of intelligence
 I - an amulet of faith
Wands
 w - a wand of acid (8)
 C - a wand of flame (34)
 F - a wand of mindburst (10)
 H - a wand of charming (9)
Scrolls
 a - a scroll of enchant armour {unknown}
 b - 8 scrolls of fear
 h - 8 scrolls of teleportation
 l - a scroll of acquirement {unknown}
 m - 2 scrolls of blinking {unknown}
 r - a scroll of poison {unknown}
 t - a scroll of immolation {unknown}
 u - 2 scrolls of enchant weapon {unknown}
 z - 2 scrolls of amnesia {unknown}
 A - 2 scrolls of torment {unknown}
 D - a scroll of revelation {unknown}
 E - 2 scrolls of identify
Potions
 c - 3 potions of might {unknown}
 d - 2 potions of heal wounds
 e - 7 potions of enlightenment
 g - 2 potions of invisibility {unknown}
 i - a potion of attraction {unknown}
 j - 2 potions of resistance {unknown}
 k - 6 potions of curing {unknown}
 p - 4 potions of berserk rage {unknown}
 q - 2 potions of ambrosia {unknown}
 s - 5 potions of lignification
 x - 3 potions of haste


   Skills:
 * Level 10.5 Fighting
 - Level 18.0 Axes
 + Level 5.1 Armour
 - Level 2.2 Dodging


You had 10 spell levels left.
You didn't know any spells.
Your spell library was empty.

Dungeon Overview and Level Annotations

Branches:
Dungeon (9/15)             Temple (0/1) D:6
   Lair: D:8-11         Orc: D:9-12

Altars:
Cheibriados
Dithmenos
Elyvilon
Okawaru
Ru
Uskayaw
Vehumet
Wu Jian

Shops:
D:1 [   D:2 =   D:4 :(   D:6 *?=

Annotations:
D:9 Psyche


Innate Abilities, Weirdness & Mutations

You have a pair of horns on your head.
You reflexively headbutt those who attack you in melee.


Message History

The hell hound is lightly wounded.
The hell hound bites you.
The hell hound bites you but does no damage.
You slice the hell hound!!
The hell hound is almost dead.
The hell hound barely misses you. You furiously retaliate!
You headbutt the hell hound!
You kill the hell hound!
Trog accepts your kill.
You feel the corruption within you wane completely.
You begin to regenerate regardless of the presence of monsters.
You lose the ability to drink potions when taking damage less often.
You no longer become unable to drink potions after taking damage.
An angel comes into view. It is wielding a +3 whip of holy wrath.
The angel shouts!
A small abomination comes into view.
The angel hits you with a +3 whip of holy wrath!!
* * * LOW HITPOINT WARNING * * *
The angel hits you but does no damage.
You see here a hell hound corpse.
The angel hits you but does no damage.
The angel hits you with a +3 whip of holy wrath!
* * * LOW HITPOINT WARNING * * *
The angel attacks as it pursues you! The angel closely misses you.
You furiously retaliate!
You headbutt the angel. The angel barely misses you.
The angel hits you with a +3 whip of holy wrath.
* * * LOW HITPOINT WARNING * * *
The angel hits you with a +3 whip of holy wrath.
* * * LOW HITPOINT WARNING * * *
You feel much better.
The angel hits you with a +3 whip of holy wrath!
* * * LOW HITPOINT WARNING * * *
The angel hits you with a +3 whip of holy wrath.
* * * LOW HITPOINT WARNING * * *
The angel hits you with a +3 whip of holy wrath!
* * * LOW HITPOINT WARNING * * *
The angel barely misses you. The small abomination misses you.
The small abomination closely misses you.
The angel hits you with a +3 whip of holy wrath!!
You die...

.#. ..... ..
.... ## ..
... ..##. .x
... .# #.
#.#.# .
##†## .
#x#A# #
#.##@#### #
#...#.##.#.#
. ##....##
.# . # #.##.
## #8. #_
.#.. .# ..
.. ....#..*
## ###.#. .#
# #
.§...#..#...
.##.. ##. #.


You could see an angel and a small abomination.

Vanquished Creatures
  A tentacled starspawn (Abyss:1)
  A two-headed ogre (D:5)
  A wretched star (Abyss:1)
  Pikel (D:6)
  A large abomination (Abyss:1)
  A troll (D:9)
  Grinder (D:3)
  A hornet (D:7)
  2 raiju (Abyss:1)
  A slime creature (D:7)
  5 yaks
  4 steam dragons
  Menkaure (D:6)
  5 water moccasins
  A hell hound (Abyss:1)
  3 black bears (D:6)
  2 sky beasts (D:6)
  2 orc warriors (D:7)
  2 ice beasts
  2 centaurs
  3 ogres
  A lemure (D:6)
  4 phantoms
  A kobold brigand (D:7)
  2 bullfrogs (D:7)
  3 scorpions
  A gnoll sergeant (D:7)
  7 killer bees
  A crimson imp (Abyss:1)
  6 hounds
  4 orc priests
  4 bombardier beetles
  5 jellies
  2 gnoll boudas
  A sleepcap (D:5)
  Natasha (thrice) (D:3)
  4 iguanas
  10 orc wizards
  Robin (D:3)
  11 gnolls
  10 adders
  3 shadow imps
  3 white imps
  3 ufetubi
  2 dart slugs (D:1)
  A ribbon worm (D:4)
  13 orcs
  8 ball pythons
  6 endoplasms
  4 giant cockroaches
  15 goblins
  10 hobgoblins
  9 jackals
  A quokka (D:2)
  7 bats
  4 frilled lizards
  14 kobolds
  5 rats
230 creatures vanquished.

Vanquished Creatures (others)
  2 starspawn tentacles (Abyss:1)
2 creatures vanquished.

Grand Total: 232 creatures vanquished

Notes
Turn   | Place    | Note
-------+----------+-------------------------------------------
     0 | D:1      | case the Minotaur Berserker began the quest for the Orb.
     0 | D:1      | Reached XP level 1. HP: 19/19 MP: 0/0
   114 | D:1      | Found a faded altar of an unknown god.
   117 | D:1      | Reached skill level 4 in Axes
   117 | D:1      | Reached XP level 2. HP: 27/27 MP: 1/1
   266 | D:1      | Reached XP level 3. HP: 27/33 MP: 2/2
   398 | D:1      | Reached ** piety under Trog
   434 | D:1      | You fall into a shaft and drop 1 floor!
   437 | D:2      | Found Wokolyin's Jewellery Boutique.
   501 | D:1      | Found Vuurr's Antique Armour Boutique.
   853 | D:2      | Reached skill level 5 in Axes
   931 | D:2      | Reached XP level 4. HP: 41/41 MP: 3/3
  1656 | D:2      | Identified the +0 ring mail "Warchayma" {-Tele rElec rPois
                  | Dex+8}
  1951 | D:3      | Noticed Grinder
  1963 | D:3      | Killed Grinder
  1964 | D:3      | Reached skill level 5 in Fighting
  1964 | D:3      | Reached skill level 7 in Axes
  1964 | D:3      | Reached XP level 5. HP: 50/50 MP: 4/4
  1964 | D:3      | Reached XP level 6. HP: 57/57 MP: 5/5
  2074 | D:3      | Noticed Natasha
  2079 | D:3      | Killed Natasha
  2156 | D:3      | Noticed Robin
  2168 | D:3      | Killed Robin
  2173 | D:3      | Noticed Natasha
  2177 | D:3      | Killed Natasha
  2368 | D:3      | Found a hide-covered altar of Uskayaw.
  2474 | D:3      | Noticed Natasha
  2481 | D:3      | Killed Natasha
  2516 | D:3      | Reached *** piety under Trog
  2577 | D:4      | Reached skill level 8 in Axes
  2594 | D:4      | Reached XP level 7. HP: 40/63 MP: 6/6
  2717 | D:4      | Found a radiant altar of Vehumet.
  2723 | D:4      | Found a shadowy altar of Dithmenos.
  2772 | D:4      | Found Wawakis's Vocational Training.
  2889 | D:4      | Reached skill level 9 in Axes
  3178 | D:4      | Found Daegeih's Antique Weapon Boutique.
  3182 | D:4      | Bought a war axe for 105 gold pieces
  3384 | D:5      | Entered Level 5 of the Dungeon
  3409 | D:5      | Reached skill level 10 in Axes
  3611 | D:5      | Reached XP level 8. HP: 70/70 MP: 7/7
  3699 | D:5      | Reached **** piety under Trog
  3719 | D:5      | Reached skill level 11 in Axes
  3911 | D:5      | Noticed a two-headed ogre
  3917 | D:5      | Killed a two-headed ogre
  3918 | D:5      | Reached skill level 13 in Axes
  4243 | D:5      | Found an iron altar of Okawaru.
  4339 | D:6      | Found Coh Vosch's Magic Scroll Shop.
  4376 | D:6      | Found a staircase to the Ecumenical Temple.
  4395 | D:6      | Reached XP level 9. HP: 42/75 MP: 8/8
  4549 | D:6      | Bought a scroll of brand weapon for 104 gold pieces
  4549 | D:6      | Bought a scroll of identify for 22 gold pieces
  4549 | D:6      | Bought a scroll of identify for 22 gold pieces
  4588 | D:6      | Found Afanaiwk's General Store.
  4629 | D:6      | Found Jul Rul's Jewellery Shoppe.
  4638 | D:6      | Noticed Menkaure
  4645 | D:6      | Killed Menkaure
  4646 | D:6      | Reached skill level 14 in Axes
  4789 | D:6      | Noticed Pikel
  4801 | D:6      | Killed Pikel
  4802 | D:6      | Reached skill level 15 in Axes
  4889 | D:6      | Identified the +1 leather armour "Pydeof" {Fly MP+9}
  5218 | D:6      | Reached skill level 16 in Axes
  5463 | D:7      | Reached XP level 10. HP: 75/83 MP: 9/9
  5807 | D:7      | Reached ***** piety under Trog
  5830 | D:7      | Reached skill level 17 in Axes
  6143 | D:8      | Received a gift from Trog
  6182 | D:8      | Found a sacrificial altar of Ru.
  6539 | D:8      | Reached skill level 18 in Axes
  6723 | D:8      | Found an ornate altar of the Wu Jian Council.
  7370 | D:9      | Found a snail-covered altar of Cheibriados.
  7373 | D:9      | Found a white marble altar of Elyvilon.
  7373 | D:9      | Noticed Psyche
  7377 | Abyss:1  | Cast into level 1 of the Abyss (Psyche)
  7382 | Abyss:1  | Found a stormy altar of Qazlal.
  7408 | Abyss:1  | Noticed a tentacled starspawn
  7421 | Abyss:1  | Noticed a large abomination
  7426 | Abyss:1  | Killed a large abomination
  7427 | Abyss:1  | Reached XP level 11. HP: 75/97 MP: 10/10
  7431 | Abyss:1  | Killed a tentacled starspawn
  7434 | Abyss:1  | Reached skill level 10 in Fighting
  7556 | Abyss:1  | Noticed a starcursed mass
  7559 | Abyss:1  | Noticed a wretched star
  7571 | Abyss:1  | Killed a wretched star
  7572 | Abyss:1  | Reached skill level 5 in Armour
  7575 | Abyss:1  | Found a corrupted altar of Lugonu.
  7588 | Abyss:1  | Noticed an angel
  7591 | Abyss:1  | Mangled by an angel

Illustrated notes

Levels and vault maps discovered:
D:1:      dpeg_arrival_round_b, layout_loops_ring, serial_shops, shop,
          nicolae_ecumenical_snake_handling
D:2:      layout_basic, serial_shops, shop, serial_bayou_pond_d,
          minmay_misc_feat_more_columns
D:3:      layout_basic, nicolae_uskayaw_suspiria, uniq_grinder, uniq_natasha,
          uniq_robin
D:4:      layout_basic, gammafunk_temple_overflow_statue, serial_shops,
          nicolae_shop_trees, minmay_misc_feat_chi, grunt_decor_mini_mirrors,
          nicolae_shop_vocational
D:5:      layout_basic, kennysheep_mini, minmay_small_thing
D:6:      hellmonk_destroyed_diamonds, layout_gridville,
          minmay_temple_entry_mist, serial_shops, nicolae_shop_gaudy_bauble,
          shop, nicolae_shop_tiny_statue_garden,
          minmay_a_box_with_orc_wizards_in_it, uniq_pikel, uniq_menkaure
D:7:      kennysheep_windowed_halls, layout_basic
D:8:      layout_rooms, nicolae_wu_jian_glorious_leap,
          nicolae_ru_sacrificial_ziggurat, serial_corexii_hall,
          corexii_hall_statues_u, corexii_hall_statues_x,
          hangedman_abyss_or_decor_lesser_grid
D:9:      layout_layer_cave, nicolae_overflow_squiral,
          nicolae_overflow_hidden_temple, orc_0_dummy, special_room
          [special_room_orc], uniq_psyche
Abyss:1:  base:
D:8

Skill      XL: |  1  2  3  4  5  6  7  8  9 10 11 |
---------------+----------------------------------+-----
Axes           | 4 5 7 8 10 13 16 18 | 18.0
Fighting       | 4 5 6 9 10 | 10.5
Armour         | 3 5 |  5.1
Dodging        | |  2.2

Action                     |  1- 3 |  4- 6 |  7- 9 | 10-12 || total
---------------------------+-------+-------+-------+-------++-------
  Melee: Hand axe          |    59 |    98 |    62 |       ||   219
         Headbutt          |     6 |    17 |    45 |    50 ||   118
         Punch             |       |     1 |     3 |     3 ||     7
         War axe           |       |       |   134 |   212 ||   346
 Invoke: Berserk           |       |     2 |     3 |     2 ||     7
    Use: Scroll            |       |     4 |     6 |       ||    10
         Potion            |       |       |       |     1 ||     1
   Stab: Distracted        |       |       |       |     1 ||     1
 Armour: Animal skin       |    22 |    10 |       |       ||    32
         Ring mail         |       |    60 |   126 |   165 ||   351
  Dodge: Dodged            |    58 |    39 |    98 |   126 ||   321
